 Dungeon Crawl Stone Soup version 0.29-a0-561-ga02bf68b3c (webtiles) character file.

Game seed: 14721366241429284998

67 KristoblXynda the Slasher (level 3, 0/28 HPs)
             Began as a Demonspawn Gladiator on June 11, 2022.
             Killed from afar by Sigmund (8 damage)
             ... with a puff of flame
             ... on level 2 of the Dungeon.
             The game lasted 00:02:20 (1835 turns).

KristoblXynda the Slasher (Demonspawn Gladiator)    Turns: 1835, Time: 00:02:20

Health: 0/28       AC:  0    Str: 16    XL:     3   Next: 98%
Magic:  3/3        EV: 20    Int:  9    God:
Gold:   89         SH:  0    Dex: 19    Spells: 2/2 levels left

rFire   . . .      SeeInvis .   (weapon currently unavailable)
rCold   . . .      Faith    .   (shield currently unavailable)
rNeg    . . .      Spirit   .   (body armour currently unavailable)
rPois   .          Reflect  .   (helmet currently unavailable)
rElec   .          Harm     .   (cloak currently unavailable)
rCorr   .          Rampage  .   (gloves currently unavailable)
Will    .....                   (boots currently unavailable)
Stlth   ++........              (no amulet)
HPRegen 0.09/turn               (ring currently unavailable)
MPRegen 0.08/turn               (ring currently unavailable)

@: bat-form, flying, very quick
A: fast, flying, no casting, tiny, (molten scales 1), demonic magic 1
a: no special abilities


You were on level 2 of the Dungeon.
You were a bat.
You visited 1 branch of the dungeon, and saw 2 of its levels.

You collected 89 gold pieces.

Inventory:

Hand Weapons
 a - a +0 long sword (melded)
Missiles
 d - 2 throwing nets (quivered)
 e - a javelin
Armour
 c - a +0 helmet (melded)
 i - a +0 ring mail (melded)
Jewellery
 b - a +4 ring of evasion (melded)
 l - a +4 ring of protection (melded)
Scrolls
 m - a scroll of enchant weapon {unknown}
Potions
 g - 3 potions of brilliance
 n - a potion of attraction


   Skills:
 + Level 2.8 Fighting
 + Level 3.2 Long Blades
 - Level 2.0 Throwing
 + Level 1.1 Armour
 + Level 3.1 Dodging


You had 2 spell levels left.
You didn't know any spells.
Your spell library contained the following spells:

 Spells                   Type           Power      Damage    Failure   Level
 Ensorcelled Hibernation  Hex/Ice        0%         N/A       52%         2
 Summon Ice Beast         Ice/Summ       0%         N/A       99%         4
 Malign Gateway           Summ/Tloc      0%         N/A       100%        7
 Ozocubu's Refrigeration  Ice            0%         4d5       100%        7


Dungeon Overview and Level Annotations

Branches:
Dungeon (2/15)

Altars:

Annotations:
D:2 Sigmund


Innate Abilities, Weirdness & Mutations

You are a bat.
You are tiny and dextrous.
You move quickly.
You are flying.
Your equipment is almost entirely melded.
You are incapable of wielding weapons or throwing items.
You cannot cast spells.
((You are partially covered in molten scales. (AC +2)))
Spells you cast may paralyse adjacent enemies.


Message History

Your +4 ring of protection unmelds from your body.
Your +4 ring of evasion unmelds from your body.
You drop a scroll of noise.
You are starting to lose your buoyancy.
You start resting.
Sigmund is nearby!
You float gracefully downwards.
Sigmund barely misses you.
Throw: 3 throwing nets
Press: ? - help, Q - select action, (/) - cycle Shift-Dir - straight line, f - Sigmund
Aim: Sigmund, wielding a +0 scythe, wearing a +0 robe and carrying a wand of polymorph (6) (57% to hit)
You throw a throwing net. The throwing net hits Sigmund.
Sigmund is caught in the net!
You slash Sigmund!
Sigmund is moderately wounded.
Sigmund gestures at you while chanting.
You are confused.
Sigmund struggles against the net.
You barely miss Sigmund.
Sigmund is moderately wounded.
Sigmund points at you and mumbles some strange words.
The puff of flame hits you!
* * * LOW HITPOINT WARNING * * *
Sigmund struggles against the net.
Unknown command.
You hit Sigmund but do no damage.
Sigmund is moderately wounded.
Sigmund struggles against the net.
You're too confused to move!
Sigmund zaps a wand.
You turn into a bat.
Your +0 long sword melds into your body.
Your +0 helmet melds into your body.
Your +0 ring mail melds into your body.
Your +4 ring of protection melds into your body.
Your +4 ring of evasion melds into your body.
Sigmund struggles against the net.
You bump into the rock wall.
You bump into the rock wall.
You feel less confused.
Sigmund struggles against the net.
Sigmund points at you and mumbles some strange words.
The puff of flame hits you!
You die...

.#####............≈.......#
.#..)#.............#####.##
.#...#†..#####.#.#.# #.##
.#...#.........#.#.# #..#
#.###.##..######.#.########
.#...#.#...................
##...##.##..######.########
...#...#.#...#####@#
.......##.##....b..#
.#####...#.#.####### ##
#...###.###### #
#.............#
#..##....###### ##########


You could see Sigmund (caught).

Vanquished Creatures
  An adder (D:2)
  2 worms (D:2)
  7 endoplasms
  2 giant cockroaches (D:1)
  6 goblins
  2 hobgoblins (D:1)
  5 jackals
  2 quokkas (D:2)
  4 ball pythons
  5 bats
  4 frilled lizards
  4 kobolds
  2 rats (D:2)
46 creatures vanquished.

Notes
Turn   | Place    | Note
-------+----------+-------------------------------------------
     0 | D:1      | KristoblXynda the Demonspawn Gladiator began the quest for
                  | the Orb.
     0 | D:1      | Reached XP level 1. HP: 16/16 MP: 1/1
   154 | D:1      | Gained mutation: You are partially covered in molten
                  | scales. (AC +2) [demonic ancestry]
   154 | D:1      | Reached XP level 2. HP: 13/22 MP: 2/2
   929 | D:1      | Gained mutation: Spells you cast may paralyse adjacent
                  | enemies. [demonic ancestry]
   929 | D:1      | Reached XP level 3. HP: 28/28 MP: 3/3
  1283 | D:2      | Got the Incunabulum of the Snowflakes and Displacement
  1473 | D:2      | Reached skill level 1 in Armour
  1743 | D:2      | Noticed Sigmund
  1835 | D:2      | Killed from afar by Sigmund

Illustrated notes

Levels and vault maps discovered:
D:1:      minmay_arrival_split_and_join, layout_basic
D:2:      layout_basic, serial_corexii_hall, chequers_hall_statues_corner_a,
          chequers_hall_statues_wall_a, corexii_hall_statues_deadend,
          chequers_serial_rivers_large_b, st_stairs_14, kennysheep_doodads,
          minivault_27, chequers_serial_rivers_small_b, minmay_vboxes,
          uniq_sigmund

Skill      XL: |  1  2  3 |
---------------+----------+-----
Throwing       | 2 |  2.0
Dodging        | 3 |  3.1
Long Blades    | 3 |  3.2
Armour         | 1 |  1.1
Fighting       | |  2.8

Action                   || total
-------------------------++-------
Melee: Long sword        ||   125
       Punch             ||     2
       Unarmed           ||     4
Throw: Throwing net      ||     1
  Use: Scroll            ||     4
       Potion            ||     2
Armor: Leather armour    ||    27
       Ring mail         ||    48
       Skin              ||     2
Dodge: Dodged            ||   102

Table legend: (Time is in decaauts)
 A = Elapsed time spent in this place.
 B = Non-inter-level travel time spent in this place.
 C = Inter-level travel time spent in this place.
 D = Time resting spent in this place.
 E = Time spent auto-exploring this place.
 F = Levels seen in this place.
 G = Mean time per level.
                   A        B        C        D        E       F      G
               +--------+--------+--------+--------+--------+-----+--------+
         Total |   1851 |   1792 |     59 |      9 |   1417 |   2 |  925.5 |
       Dungeon |   1851 |   1792 |     59 |      9 |   1417 |   2 |  925.5 |
               +--------+--------+--------+--------+--------+-----+--------+

Top non-repeatable levels by time:
     D:1: 1239 daAuts
     D:2: 611 daAuts
